 Dungeon Crawl Stone Soup version 0.19-a0-1714-gcab94ab (webtiles) character file.

637 kae the Cleaver (level 7, -2/61 HPs)
             Began as a Deep Dwarf Fighter on Sept 28, 2016.
             Slain by an orc warrior
             ... wielding a cursed -1 trident
              (16 damage)
             ... on level 5 of the Dungeon.
             The game lasted 00:04:53 (3271 turns).

kae the Cleaver (Deep Dwarf Fighter)                Turns: 3271, Time: 00:04:54

Health: -2/61      AC:  9    Str: 22    XL:     7   Next: 25%
Magic:  7/7        EV:  7    Int:  8    God:
Gold:   224        SH:  9    Dex: 12    Spells: 0 memorised, 6 levels left

rFire  . . .     SeeInvis .     a - +0 war axe
rCold  . . .     Gourm    .     b - +0 scale mail
rNeg   . . .     Faith    .     c - +0 shield
rPois  .         Spirit   .     (no helmet)
rElec  .         Dismiss  .     (no cloak)
rCorr  .         Reflect  .     (no gloves)
MR     +....     Harm     .     q - +0 pair of boots
Stlth  ..........               (no amulet)
                                (no ring)
                                (no ring)

@: non-regenerating
A: damage resistance, recharge devices, sense surroundings 1, slow regeneration
3
a: Device Recharging


You were on level 5 of the Dungeon.
You were not hungry.

You visited 2 branches of the dungeon, and saw 6 of its levels.

You collected 224 gold pieces.

Inventory:

Hand Weapons
 a - a +0 war axe (weapon)
Armour
 b - a +0 scale mail (worn)
 c - a +0 shield (worn)
 q - a +0 pair of boots (worn)
Jewellery
 h - an uncursed ring of flight {unknown}
 s - a cursed -3 ring of slaying {unknown}
 B - a +4 ring of intelligence {unknown}
Wands
 e - a wand of heal wounds (0/9)
 t - a wand of slowing (25/48)
 y - a wand of confusion (16/48)
Scrolls
 d - a scroll of blinking {unknown}
 g - 3 scrolls of identify {unknown}
 j - 4 scrolls of remove curse {unknown}
 n - a scroll of enchant weapon {unknown}
 p - a scroll of fog {unknown}
 r - 2 scrolls of immolation {unknown}
 u - a scroll of enchant armour {unknown}
 x - a scroll of random uselessness {unknown}
Potions
 i - 4 potions of flight {unknown}
 k - a potion of degeneration {unknown}
 l - 2 potions of agility {unknown}
 m - a potion of heal wounds {unknown}
 w - a potion of haste {unknown}
 z - a potion of brilliance {unknown}
Comestibles
 f - 2 bread rations
 o - 2 beef jerkies
 v - 4 fruits
 A - a meat ration
 C - 2 chunks of flesh
 D - a slice of pizza


   Skills:
 - Level 2.6 Fighting
 + Level 8.9 Axes
 - Level 3.2 Armour
 - Level 3.2 Shields


You had 6 spell levels left.
You didn't know any spells.

Dungeon Overview and Level Annotations

Branches:
Dungeon (5/15)             Temple (1/1) D:5

Altars:
Ashenzari
Cheibriados
Dithmenos
Elyvilon
Fedhas
Hepliaklqana
Kikubaaqudgha
Nemelex Xobeh
Okawaru
Qazlal
Ru
Uskayaw
Xom
Yredelemnul
Zin
The Shining One


Innate Abilities, Weirdness & Mutations

You are resistant to damage.
You can recharge devices by infusing magical energy.
You passively map a small area around you.
You do not regenerate.


Message History

* * * LOW HITPOINT WARNING * * *
The orc warrior hits you with a trident.
A sky beast appears from thin air!
Reactivating autopickup.
You block the sky beast's attack.
You are too injured to fight recklessly!
You are too injured to fight recklessly!
You are too injured to fight recklessly!
You are too injured to fight recklessly!
You are too injured to fight recklessly!
You are too injured to fight recklessly!
You are too injured to fight recklessly!
You are too injured to fight recklessly!
You are too injured to fight recklessly!
Unknown command.
You closely miss the orc warrior.
The orc warrior is severely wounded.
You closely miss the sky beast. You block the sky beast's attack.
The orc warrior hits you with a trident!!
You die...

, , #..<.....# ,
,..............#.#+...... ,
.........#.#.#.#.#......
..........#.#.#.#.......
...........#.#.#.#......
..#.......#.#.#.#.#.#.#. ,
.........#.#.#.#.#.#.#+.
,#...Yo.'#.#.#.#.#.#.#. ,, , ,
+....@)#.#.#.#.#.#.#..
......#.#.#.#.#.#.#.#.#.
.....#.#.....#.#.P..P..♣ , ,
........#.#...#.#.♣...≈♣.. *
..%#..!.#.#.....#....♣♣♣≈≈.
....#............#P..♣≈♣≈≈≈≈P
...........#..........≈≈≈≈≈≈..
...........+........P.≈≈≈♣≈..P
......#....#.#.....#..P≈♣≈♣..P


You could see an orc warrior and a sky beast.

Vanquished Creatures
  An ogre (D:4)
  A jelly (D:5)
  A hound (D:4)
  An orc priest (D:3)
  2 gnoll shamans
  2 orc wizards
  2 worker ants
  Robin (D:3)
  7 adders
  10 gnolls
  2 oozes
  An adder skeleton (D:5)
  2 worms
  2 dart slugs
  6 leopard geckos
  8 orcs
  6 bats
  4 giant cockroaches
  14 goblins
  11 hobgoblins
  6 jackals
  7 kobolds
  3 quokkas
  3 frilled lizards
  A jackal skeleton (D:4)
  A quokka skeleton (D:4)
  5 rats
110 creatures vanquished.

Notes
Turn   | Place    | Note
-------+----------+-------------------------------------------
     0 | D:1      | kae the Deep Dwarf Fighter began the quest for the Orb.
     0 | D:1      | Reached XP level 1. HP: 20/20 MP: 1/1
   353 | D:1      | Reached skill level 3 in Axes
   353 | D:1      | Reached XP level 2. HP: 27/27 MP: 2/2
   730 | D:2      | Reached skill level 4 in Axes
   730 | D:2      | Reached XP level 3. HP: 28/33 MP: 3/3
   758 | D:2      | Reached XP level 4. HP: 28/40 MP: 4/4
   784 | D:2      | Reached skill level 5 in Axes
   961 | D:2      | Found a sparkling altar of Nemelex Xobeh.
  1358 | D:3      | Noticed Robin
  1368 | D:3      | Reached XP level 5. HP: 17/46 MP: 5/5
  1372 | D:3      | Killed Robin
  1425 | D:3      | Reached skill level 6 in Axes
  2095 | D:4      | Reached skill level 7 in Axes
  2095 | D:4      | Reached XP level 6. HP: 37/55 MP: 6/6
  2440 | D:4      | Found a hazy altar of Hepliaklqana.
  2548 | D:4      | Reached skill level 8 in Axes
  2868 | D:5      | Entered Level 5 of the Dungeon
  2880 | D:5      | Found a staircase to the Ecumenical Temple.
  2889 | Temple   | Entered the Ecumenical Temple
  3140 | D:5      | Reached XP level 7. HP: 49/61 MP: 7/7
  3271 | D:5      | Slain by an orc warrior

Vault maps used:
D:1:      scummos_arrival_star
D:2:      nemelex_xobeh_ov_fountains_minmay
D:3:      uniq_robin
D:4:      kennysheep_mini_moat, first_bread
D:5:      serial_bayou_pond_a
Temple:   dpeg_chambers_temple

Skill      XL: |  1  2  3  4  5  6 |
---------------+-------------------+-----
Axes           | 3 4 5 7 8 |  8.9
Fighting       | |  2.6
Armour         | |  3.2
Shields        | |  3.2

Action                   |  1- 3 |  4- 6 |  7- 9 || total
-------------------------+-------+-------+-------++-------
Melee: War axe           |    71 |   225 |    38 ||   334
Evoke: Wand              |     2 |     2 |     1 ||     5
  Use: Potion            |       |     2 |       ||     2
  Eat: Chunk             |       |     5 |     2 ||     7
       Beef jerky        |       |     1 |       ||     1
Armor: Scale mail        |    41 |    88 |    12 ||   141
Dodge: Dodged            |    22 |    55 |     8 ||    85
Block: Shield            |    52 |   100 |    23 ||   175
